Zazza, neutral male human Tourist # ------ ----------- #+....-# |.........| ---- ###|....|# ##|..........# |..| ^ # #.....|# # |.........|# |..| --------|------ #####|....|# # |.........|# ---- |.............| # # ------# # --------.--# |.............-##### # # # # # |.............| # # # # ##.....>........|### ### # # # # |.............|# # # # # ### --------------- ######### # ----------- # #-----# # |!@B....!.|### #|<...# # |!!...f..m|# |.{.|################### |!!..]..@.-# |...| # ----- ----------- |...| # |...| |...| ##-...| ----- |...| ----- Zazza the Rambler Experience level: 2 Strength: 16 Dexterity: 10 Constitution: 15 Intelligence: 14 Wisdom: 13 Charisma: 17 Health: 0(22) Energy: 10(10) Def: 1 Gold: 0 Moves: 1987 Dungeon seed: Z0k0_Orbw48A7hGj Game ID: Zazza_1575624257 Your Inventory: Weapons a - 27 +2 darts (in quiver) o - 2 +0 arrows s - 6 +0 elven arrows A - 25 cursed -1 darts B - a cursed +0 dart F - 49 +1 darts G - a +0 dart Armor n - a blessed +0 Hawaiian shirt (being worn) q - an uncursed +0 elven leather helm (being worn) Comestibles b - 8 uncursed tripe rations d - 4 uncursed food rations Scrolls f - 2 uncursed scrolls of magic mapping w - a blessed scroll of identify H - an uncursed scroll of taming Potions e - an uncursed potion of extra healing j - an uncursed potion of gain level k - an uncursed potion of monster detection l - an uncursed potion of gain ability p - a blessed potion of gain energy x - an uncursed potion of see invisible J - an uncursed potion of gain level K - 2 uncursed potions of restore ability L - an uncursed potion of enlightenment M - an uncursed potion of see invisible O - a cursed potion of healing P - 2 uncursed potions of water Q - 2 cursed potions of extra healing R - 2 uncursed potions of gain ability S - an uncursed potion of oil T - an uncursed potion of levitation U - an uncursed potion of booze V - an uncursed potion of sleeping Rings v - an uncursed +2 ring of gain strength (on left hand) Wands m - a blessed wand of fire (0:6) D - a wand of cancellation (0:6) Tools g - an expensive camera (0:71) h - an uncursed credit card t - an uncursed tin opener Gems r - an uncursed worthless piece of orange glass Spells and supernatural/magical abilities: Name Level Category Fail Memory W - pray for help -- divine ? -- Your skills at the end: Fighting Skills Weapon Skills dart [Basic] Spellcasting Skills Final Attributes: You were stridently aligned. You are dead. Vanquished creatures: a floating eye 2 homunculi 2 giant rats a green mold a red mold 2 geckos 5 jackals 2 kobolds 5 grid bugs a bat 3 lichens a kobold zombie 5 newts 31 creatures vanquished. Voluntary challenges: You never hit with a wielded weapon. You read items or engraved 11 times, starting on turn 113. You never genocided any monsters. You never polymorphed an object. You never changed form. You used no wishes. You never split a pudding. You wrote Elbereth's name 7 times, starting on turn 114. You never violated your personal moral code. Dungeon overview: The Dungeons of Doom: levels 1 to 6 Level 1 some fountains a long staircase Level 2 a sink Level 3 a fountain a long staircase Level 4 a fountain Level 5 Level 6 <- You were here a potion shop, a fountain History has recorded: On T:1 you entered the Dungeons of Doom to retrieve the Amulet of Yendor! On T:417 you reached level 2 of The Dungeons of Doom. On T:821 you reached level 3 of The Dungeons of Doom. On T:1031 you reached level 4 of The Dungeons of Doom. On T:1349 you reached level 5 of The Dungeons of Doom. On T:1635 you advanced to experience level 2. On T:1723 you reached level 6 of The Dungeons of Doom. Score breakdown: Gold: 0 ( 0 points) Experience: 2 levels ( 5570 points) Exploration: 6 levels ( 11.76%) ( 9486 points) Discoveries: 3 items ( 1.01%) ( 3010 points) Valuables value: (no points given unless you survive) Artifact value: 0 ( 0 points) Variety of kills: 13 monsters ( 3.41%) ( 5541 points) Turncount: 1987 turns ( 0 points) Survival: died (score multiplied by 80%) Total score: 18885 Latest messages: Armand misses the jackal. You see here a brilliant blue potion (50 zorkmids). The jackal bites Armand. Armand bites the jackal. The jackal is killed! "For you, esteemed sir; only 50 for this brilliant blue potion." U - a brilliant blue potion (unpaid, 50 zorkmids). Armand bites the giant bat. The giant bat misses Armand. You see here a dark green potion (133 zorkmids). Armand misses the giant bat. "For you, honored sir; only 133 for this dark green potion." V - a dark green potion (unpaid, 133 zorkmids). Armand misses the jackal. The giant bat bites! You see here a clear potion (5 zorkmids). Armand bites the jackal. The jackal is killed! The giant bat bites! Armand eats a jackal corpse. "For you, good sir; only 5 for this clear potion." P - a clear potion (unpaid, 5 zorkmids). The giant bat bites! You die... Konosja comes and takes all your possessions. Final status: Aloha Zazza the Tourist, killed by a giant bat... You died in The Dungeons of Doom on dungeon level 6 with 18885 points, and 0 pieces of gold, after 1987 moves. You were level 2 with a maximum of 22 hit points when you died.